 Dungeon Crawl Stone Soup version 0.23.1-37-gaa34b87b72 (webtiles) character file.

Game seed: 6292032942751265538

261875 PikkenKukken the Earth Mage (level 19, -1/232 HPs)
             Began as a Troll Earth Elementalist on Mar 26, 2019.
             Was a High Priest of Okawaru.
             Killed by divine providence
             ... invoked by a sphinx
              (13 damage)
             ... while paralysed by a sphinx
             ... on level 4 of the Vaults.
             The game lasted 02:14:25 (37360 turns).

PikkenKukken the Earth Mage (TrEE)                 Turns: 37360, Time: 02:14:26

Health: -1/232     AC: 33    Str: 18    XL:     19   Next: 59%
Magic:  23/24      EV:  1    Int: 35    God:    Okawaru [*****.]
Gold:   876        SH:  0    Dex: 10    Spells: 11/26 levels left

rFire    + . .     SeeInvis .     - Unarmed
rCold    + . .     Gourm    +   J - +4 large shield of Soklyin {rElec rC+ Str-3 Int+9}
rNeg     + . .     Faith    .   (armour currently unavailable)
rPois    ∞         Spirit   .   E - +2 hat
rElec    +         Reflect  +   c - +1 cloak of Inquiry {rElec rF+ Regen+ Int+3}
rCorr    .         Harm     .   (gloves unavailable)
MR       +....                  (boots unavailable)
Stlth    +++.......             U - +3 amulet of reflection
HPRegen  1.28/turn              M - ring of Phasing {EV+8}
MPRegen  0.19/turn              P - +6 ring of intelligence

@: paralysed, statue-form, heroism, slowed
A: large, unfitting armour, claws 3, fast metabolism 3, gourmand, regeneration 1
}: 1/15 runes: decaying
a: End Transformation, Heroism, Finesse, Renounce Religion


You were on level 4 of the Vaults.
You worshipped Okawaru.
Okawaru was extremely pleased with you.
You were full.
You were a stone statue.
You visited 7 branches of the dungeon, and saw 35 of its levels.
You visited 1 bazaar.
You also visited: Ossuary, Ice Cave and Volcano.

You collected 3154 gold pieces.
You spent 2278 gold pieces at shops.

Inventory:

Missiles
 q - 3 throwing nets
 z - 54 large rocks (quivered)
 K - 15 javelins of returning
Armour
 c - the +1 cloak of Inquiry (worn) {rElec rF+ Regen+ Int+3}
   (Okawaru gifted it to you on level 1 of the Orcish Mines)

   It affects your intelligence (+3).
   It protects you from fire.
   It insulates you from electricity.
   It increases your rate of regeneration.
 B - a +0 troll leather armour (melded)
 E - a +2 hat (worn)
 J - the +4 large shield of Soklyin (worn) {rElec rC+ Str-3 Int+9}
   (You took it off Louise on level 1 of the Swamp)

   It affects your strength (-3).
   It affects your intelligence (+9).
   It protects you from cold.
   It insulates you from electricity.
Jewellery
 b - an uncursed ring of protection from cold
 g - an uncursed ring of protection from fire
 h - the ring "Gangue" {rPois Str+4}
   (You found it on level 12 of the Dungeon)

   [ring of poison resistance]

   It affects your strength (+4).
   It protects you from poison.
 r - an uncursed ring of protection from magic
 M - the ring of Phasing (left claw) {EV+8}
   (You found it on level 3 of the Spider Nest)

   [ring of evasion]

   It affects your evasion (+8).
 P - a +6 ring of intelligence (right claw)
 U - a +3 amulet of reflection (around neck)
Wands
 C - a wand of digging (21)
 G - a wand of acid (40)
 O - a wand of iceblast (35)
Scrolls
 j - 11 scrolls of identify
 l - 7 scrolls of enchant armour
 p - 15 scrolls of remove curse
 u - 8 scrolls of fog
 y - 3 scrolls of amnesia
 Q - 3 scrolls of blinking
 S - 14 scrolls of teleportation
 T - 2 scrolls of fear
 Z - a scroll of acquirement
Potions
 a - a potion of resistance
 f - 9 potions of flight
 i - 5 potions of haste
 m - 3 potions of cancellation
 n - 4 potions of agility
 o - 13 potions of curing
 t - 7 potions of might
 v - 3 potions of brilliance
 w - a potion of heal wounds
 A - 3 potions of mutation
 F - 4 potions of magic
 R - 2 potions of invisibility
Miscellaneous
 k - a phantom mirror
Comestibles
 d - 63 rations


   Skills:
 + Level 9.0(14.0) Fighting
 - Level 12.6(17.6) Throwing
 - Level 4.0(9.0) Armour
 + Level 9.0(14.0) Dodging
 - Level 1.0(6.0) Stealth
 + Level 13.0(18.0) Shields
 + Level 13.5(18.5) Unarmed Combat
 - Level 4.0 Spellcasting
 - Level 11.0 Transmutations
 - Level 15.0 Earth Magic
 - Level 3.0 Invocations


You had 11 spell levels left.
You knew the following spells:

 Your Spells              Type           Power        Failure   Level  Hunger
a - Animate Skeleton      Necr           N/A          4%          1    None
b - Passwall              Tmut/Erth      #######.     1%          2    None
c - Statue Form           Tmut/Erth      #######..    3%          6    ######.
d - Sandblast             Erth           ######       0%          1    None
e - Borgnjor's Vile Clut  Necr/Erth      ######....   6%          5    #####..

Your spell library contained the following spells:

 Spells                   Type           Power        Failure   Level  Hunger
 Stone Arrow              Conj/Erth      ######       1%          3    #......
 Leda's Liquefaction      Hex/Erth       ######....   1%          4    ###....
 Petrify                  Tmut/Erth      #######.     1%          4    ###....
 Lee's Rapid Deconstruct  Erth           #######...   1%          5    #####..
 Apportation              Tloc           #.....       4%          1    None
 Confusing Touch          Hex            #.....       4%          1    None
 Corona                   Hex            #......      4%          1    None
 Magic Dart               Conj           #...         4%          1    None
 Summon Butterflies       Summ           #.......     4%          1    None
 Summon Small Mammal      Summ           #...         4%          1    None
 Blink                    Tloc           N/A          7%          2    None
 Call Imp                 Summ           #.......     7%          2    None
 Ensorcelled Hibernation  Hex/Ice        #.....       7%          2    None
 Searing Ray              Conj           #.....       7%          2    None
 Slow                     Hex            #.......     7%          2    None
 Alistair's Intoxication  Tmut/Pois      #####...     13%         5    #####..
 Yara's Violent Unravell  Hex/Tmut       #####.....   13%         5    #####..
 Confuse                  Hex            #.......     14%         3    #......
 Conjure Flame            Conj/Fire      #.......     14%         3    #......
 Dazzling Spray           Conj/Hex       #.....       14%         3    #......
 Inner Flame              Hex/Fire       #.......     14%         3    #......
 Lesser Beckoning         Tloc           #.........   14%         3    #......
 Mephitic Cloud           Conj/Pois/Air  #.......     14%         3    #......
 Portal Projectile        Hex/Tloc       #.....       14%         3    #......
 Tukima's Dance           Hex            #.......     14%         3    #......
 Bolt of Magma            Conj/Fire/Erth #####.....   16%         5    #####..
 Iron Shot                Conj/Erth      ######....   32%         6    ######.
 Cause Fear               Hex            #.........   41%         4    ###....
 Force Lance              Conj/Tloc      #.......     41%         4    ###....
 Fulminant Prism          Conj/Hex       #.........   41%         4    ###....
 Iskenderun's Mystic Bla  Conj           #.......     41%         4    ###....
 Iskenderun's Battlesphe  Conj/Chrm      #.......     77%         5    #####..
 Silence                  Hex/Air        #.........   77%         5    #####..
 Venom Bolt               Conj/Pois      #.........   77%         5    #####..
 Darkness                 Hex            #.........   100%        6    ######.
 Deflect Missiles         Chrm/Air       #.........   100%        6    ######.
 Invisibility             Hex            #.......     100%        6    ######.
 Shadow Creatures         Summ           N/A          100%        6    ######.
 Malign Gateway           Summ/Tloc      #.........   100%        7    #######
 Monstrous Menagerie      Summ           #.........   100%        7    #######
 Orb of Destruction       Conj           #.........   100%        7    #######
 Spellforged Servitor     Conj/Summ      #.........   100%        7    #######
 Summon Greater Demon     Summ           #.........   100%        7    #######
 Discord                  Hex            #.........   100%        8    #######
 Summon Horrible Things   Summ           #.........   100%        8    #######
 Shatter                  Erth           #######...   100%        9    #######


Dungeon Overview and Level Annotations

Branches:
Dungeon (15/15)            Temple (1/1) D:5            Lair (6/6) D:9
  Swamp (4/4) Lair:4       Spider (3/4) Lair:3        Slime (0/5) Lair:5
    Orc (2/2) D:10            Elf (0/3) Orc:2        Vaults (4/5) D:13
  Crypt (0/3) Vaults:3     Depths (0/5) D:15

Altars:
Ashenzari
Cheibriados
Dithmenos
Elyvilon
Fedhas
Gozag
Hepliaklqana
Kikubaaqudgha
Makhleb
Nemelex Xobeh
Okawaru
Qazlal
Ru
Sif Muna
Trog
Uskayaw
Vehumet
Wu Jian
Xom
Yredelemnul
Zin
The Shining One
Beogh
Jiyva

Shops:
D:6 [*%(*   D:8 [*   Orc:2 =[*!:   Vaults:1 }   Vaults:2 ?   Vaults:3 (

Annotations:
Lair:2 exclusion: 4 oklob plants
Lair:5 exclusion: 2 oklob plants
Swamp:3 exclusion: Roxanne, Roxanne


Innate Abilities, Weirdness & Mutations

You are too large for most types of armour.
You have claws for hands.
Your metabolism is lightning-fast.
You like to eat raw meat.
Your natural rate of healing is unusually fast.
((You are covered in fur. (AC +1)))
((You have extremely tough skin. (AC +3)))


Message History

The sphinx hits you!
* * * LOW HITPOINT WARNING * * *
The sphinx hits you.
* * * LOW HITPOINT WARNING * * *
The sphinx hits you but does no damage.
The two-headed ogre hits you but does no damage. x2
The freezing wraith hits you but does no damage. x2
The sphinx hits you but does no damage. x3
The two-headed ogre hits you with a +0 giant club!
* * * LOW HITPOINT WARNING * * *
The two-headed ogre hits you but does no damage.
The freezing wraith hits you but does no damage.
The freezing wraith hits you!
* * * LOW HITPOINT WARNING * * *
The freezing wraith drains your vigour!
You feel as though you will be slow longer.
The sphinx hits you but does no damage. x3
The sphinx casts a spell.
Something smites you!
You die...

,,,* #..,,,,***,,*##......#...
*******##...,,,*,,**,.#......####
,,,,,,,......***,,**..###........
,,,,,,,......*,,**,W#*,,#.#######
,,,,,,,......*,O##a.**,,#.#......
,,,,,,,......###pO#*,,###.#......
,,,,,,,........'.O#*,,#...'......
*******#......c###,,###...#......
,,,*,,,#.....†pO8#,,#.....#......
,,,*,,,#.......HW####.....#......
,,,**,,#........O.........#######
,,,,*+*#.........................
,,,,,,,#.........................
,*,,,,,#..##+#####..............≈
,,,,,,,#..*,,,,,,#..............≈
,,,,***#.,*,,,,,,#..............≈
,,,**,,+,,*,,,,,,#...............


You could see a sphinx, a hell knight, a two-headed ogre, a yaktaur, a freezing
wraith and an ogre.

Vanquished Creatures
  Bai Suzhen (Spider:3)
  A tentacled monstrosity (Vaults:3)
  Jorgrun (D:14)
  A lich (Vaults:3)
  Gastronok (Orc:1)
  Donald (Swamp:1)
  10 vault wardens
  A deep elf sorcerer (Vaults:2)
  2 ghost moths (Spider:3)
  Louise (Swamp:1)
  Aizul (Swamp:2)
  5 ironheart preservers
  A very ugly thing (Vaults:3)
  Nessos (D:14)
  3 entropy weavers
  3 stone giants (Vaults:3)
  2 deep elf annihilators
  A dire elephant (D:15)
  An ettin (Vaults:3)
  5 fire dragons
  A great orb of eyes (Vaults:2)
  Fannar (Lair:1)
  Erolcha (D:10)
  4 yaktaur captains
  A ghost crab (Swamp:3)
  19 hydras
  2 rakshasas
  An ice dragon (Vaults:3)
  The ghost of KarvaRausku the Cleaver, a novice MiGl of Okawaru (D:10)
  3 shambling mangroves
  2 death knights
  Erica (Orc:1)
  A catoblepas (D:15)
  A merfolk avatar (Lair:6)
  7 ogre magi
  2 dancing weapons (D:13)
  A deep troll shaman (Vaults:3)
  6 centaur warriors
  4 alligators
  2 tengu warriors
  20 two-headed ogres
  A vampire mage (Vaults:3)
  A storm dragon zombie (Vaults:1)
  An orc high priest (Orc:2)
  Nergalle (Lair:4)
  2 deep elf knights (Vaults:3)
  A fire crab (Swamp:4)
  2 unseen horrors
  5 deep trolls (Vaults:3)
  5 flayed ghosts
  6 skeletal warriors
  A spriggan druid (Swamp:4)
  A sea snake (Lair:6)
  A death drake (Swamp:3)
  A glowing orange brain (Vaults:1)
  A swamp dragon (shapeshifter) (Vaults:3)
  2 lindwurms
  7 harpies
  3 spectral hydras (Swamp:3)
  4 wizards
  3 phantasmal warriors
  2 deep elf archers (Vaults:2)
  4 necromancers
  7 orc knights
  8 deep elf magi
  7 ironbrand convokers
  7 swamp dragons
  2 orc sorcerers
  7 orb spiders
  A salamander (D:15)
  A fire giant zombie (Vaults:1)
  8 cyclopes
  4 manticores
  22 ugly things
  20 wolf spiders
  24 slime creatures
  8 black mambas
  An ice statue (IceCv)
  13 elephants
  A molten gargoyle (Swamp:4)
  2 gargoyles
  Maurice (Orc:1)
  9 vault sentinels
  20 spiny frogs
  2 torpor snails
  A kobold demonologist (D:13)
  8 rime drakes
  6 swamp worm zombies (Swamp:3)
  16 komodo dragons
  16 freezing wraiths
  10 demonic crawlers
  A redback zombie (D:14)
  30 yaktaurs
  An efreet (D:13)
  25 jumping spiders
  A tengu conjurer (D:12)
  A queen bee (shapeshifter) (Vaults:1)
  A queen bee (Lair:2)
  13 bog bodies
  9 trolls
  18 hornets
  6 polar bears
  11 tyrant leeches
  14 dream sheep
  7 blink frogs
  3 spectral swamp dragons (Swamp:3)
  A hippogriff (shapeshifter) (Vaults:3)
  14 hippogriffs
  A fire giant simulacrum (Vaults:2)
  A stone giant simulacrum (Vaults:3)
  A meliai zombie (D:14)
  A vampire (D:14)
  4 shadows
  A water elemental (D:13)
  10 spriggans
  36 redbacks
  A spriggan (shapeshifter) (Vaults:2)
  A yak (shapeshifter) (Vaults:1)
  19 tarantellas
  6 wraiths
  2 fire bats (Swamp:4)
  A human (shapeshifter) (Vaults:3)
  41 yaks
  4 wyverns
  2 tyrant leech zombies (Swamp:3)
  6 steam dragons
  12 vampire mosquitoes
  5 basilisks
  7 wargs
  3 acid dragons
  8 insubstantial wisps
  18 swamp worms
  A soldier ant (D:13)
  3 spiny frog zombies (Swamp:3)
  2 hell hounds (Lair:3)
  10 water moccasins
  14 porcupines
  7 ice beasts
  4 sky beasts
  11 swamp drakes
  An alligator simulacrum (IceCv)
  38 orc warriors
  2 phantoms
  2 black bears
  35 ogres
  3 boggarts (Vaults:3)
  An eye of draining (shapeshifter) (Vaults:3)
  9 necrophages
  9 centaurs
  8 wolves
  25 crocodiles
  A human zombie (Vaults:1)
  A big kobold (D:10)
  22 bullfrogs
  2 wyvern zombies
  A wyvern skeleton (D:13)
  A scorpion (D:7)
  3 spriggan zombies (Swamp:3)
  2 swamp dragon simulacra (IceCv)
  44 killer bees
  8 wights
  An electric eel (D:13)
  3 howler monkeys (D:11)
  4 draconian simulacra (IceCv)
  4 crimson imps
  8 centaur zombies
  3 bullfrog zombies
  8 hounds
  9 jellies
  2 bullfrog skeletons
  7 centaur skeletons
  18 orc priests
  Jessica (D:2)
  2 iguanas
  25 orc wizards
  A spriggan simulacrum (IceCv)
  A hell rat (Lair:3)
  3 troll simulacra (IceCv)
  A wolf simulacrum (IceCv)
  6 worker ants
  2 killer bee zombies
  5 centaur simulacra (IceCv)
  3 big kobold zombies (Ossuary)
  A hound zombie (D:5)
  6 mummies (Ossuary)
  A howler monkey zombie (D:8)
  2 worker ant zombies
  Robin (D:2)
  9 adders
  14 gnolls
  A howler monkey skeleton (D:9)
  5 river rats (Lair:3)
  7 naga simulacra (IceCv)
  5 shadow imps
  12 white imps (IceCv)
  6 oozes
  3 adder skeletons
  An adder zombie (D:8)
  5 worms
  3 dart slugs
  4 leopard geckos
  65 orcs
  2 ball pythons
  7 bats
  3 giant cockroaches
  8 hobgoblins
  3 jackals (D:11)
  6 quokkas
  16 goblins
  A hobgoblin zombie (Ossuary)
  10 kobolds
  11 rats
  A bush (D:8)
  A withered plant (Swamp:3)
1365 creatures vanquished.

Vanquished Creatures (collateral kills)
  A vault warden (Vaults:3)
  An ironheart preserver (Vaults:3)
  A fire dragon (Swamp:4)
  A shambling mangrove (Swamp:4)
  3 two-headed ogres
  A spriggan (Swamp:4)
  A fire crab (Swamp:4)
  A swamp dragon (Swamp:4)
  An ugly thing (Vaults:2)
  A deep elf mage (Vaults:3)
  A wolf spider (Vaults:3)
  2 vault sentinels
  A yaktaur (Vaults:1)
  A swamp worm zombie (Swamp:3)
  2 slime creatures
  A hornet (Swamp:4)
  An alligator zombie (Swamp:3)
  A tyrant leech zombie (Swamp:3)
  A spriggan (shapeshifter) (Vaults:3)
  5 fire bats (Swamp:4)
  A steam dragon (Swamp:4)
  2 insubstantial wisps (Swamp:2)
  2 swamp worms
  A spiny frog zombie (Swamp:3)
  2 swamp drakes (Swamp:4)
  2 orc warriors (Vaults:3)
  An ogre (Vaults:3)
39 creatures vanquished.

Vanquished Creatures (others)
  A vault warden (Vaults:2)
  A yaktaur captain (Vaults:3)
  A hydra (Swamp:4)
  An ogre mage (Vaults:2)
  2 centaur warriors (Vaults:3)
  A deep elf knight (Vaults:1)
  A lindwurm (Swamp:4)
  An orc knight (Orc:2)
  9 yaktaurs
  A blink frog (Lair:4)
  2 steam dragons (Swamp:4)
  4 swamp drakes (Swamp:4)
  4 orc warriors (Orc:2)
  9 centaurs
  2 orcs (Orc:2)
  A bush (D:8)
  9 fungi
  19 plants
  2 withered plants (Swamp:3)
71 creatures vanquished.

Grand Total: 1475 creatures vanquished

Notes
Turn   | Place    | Note
-------+----------+-------------------------------------------
     0 | D:1      | PikkenKukken the Troll Earth Elementalist began the quest
                  | for the Orb.
     0 | D:1      | Reached XP level 1. HP: 16/16 MP: 1/1
   399 | D:1      | Reached XP level 2. HP: 24/24 MP: 2/2
   410 | D:1      | Reached skill level 1 in Unarmed Combat
   805 | D:2      | Noticed Jessica
   805 | D:2      | Noticed Robin
   812 | D:2      | Killed Jessica
   812 | D:2      | Reached skill level 1 in Throwing
   812 | D:2      | Reached XP level 3. HP: 32/32 MP: 3/3
   867 | D:2      | Killed Robin
   867 | D:2      | Reached skill level 1 in Fighting
   887 | D:2      | Reached XP level 4. HP: 41/41 MP: 4/4
  1040 | D:2      | Found an ornate altar of the Wu Jian Council.
  1267 | D:2      | Found a hide-covered altar of Uskayaw.
  1362 | D:2      | Reached XP level 5. HP: 48/48 MP: 5/5
  1807 | D:3      | Found a radiant altar of Vehumet.
  1915 | D:3      | Found a bloodstained altar of Trog.
  1954 | D:3      | Found a sacrificial altar of Ru.
  2230 | D:4      | Reached XP level 6. HP: 50/57 MP: 6/6
  2964 | D:4      | Found a glowing golden altar of the Shining One.
  3039 | D:5      | Entered Level 5 of the Dungeon
  3086 | D:5      | Reached XP level 7. HP: 62/66 MP: 4/7
  3151 | D:5      | Found a staircase to the Ecumenical Temple.
  3159 | Temple   | Entered the Ecumenical Temple
  3209 | Temple   | Became a worshipper of Warmaster Okawaru
  3722 | D:5      | Identified a scroll of acquirement
  3792 | D:6      | Found Hunesao's Assorted Antiques.
  3826 | D:6      | Reached skill level 5 in Unarmed Combat
  3912 | D:6      | Reached skill level 1 in Invocations
  4019 | D:6      | Reached * piety under Okawaru
  4074 | D:6      | Reached skill level 1 in Shields
  4074 | D:6      | Reached XP level 8. HP: 39/75 MP: 8/8
  4194 | D:6      | Found Nynec's Assorted Antiques.
  4199 | D:6      | Bought a scroll of identify for 44 gold pieces
  4199 | D:6      | Bought a scroll of identify for 44 gold pieces
  4205 | D:6      | Found Hoick's Food Boutique.
  4303 | D:6      | Found Foeg's Weapon Emporium.
  4364 | D:6      | Found Pashaal's Armour Shoppe.
  4407 | D:6      | Found a sacrificial altar of Ru.
  4407 | D:6      | Found a sparkling altar of Nemelex Xobeh.
  4407 | D:6      | Found a hazy altar of Hepliaklqana.
  4412 | D:6      | Found a stormy altar of Qazlal.
  4833 | D:7      | Noticed a two-headed ogre
  4868 | D:7      | Killed a two-headed ogre
  4868 | D:7      | Reached ** piety under Okawaru
  4868 | D:7      | Reached *** piety under Okawaru
  4868 | D:7      | Reached XP level 9. HP: 54/84 MP: 6/10
  5170 | D:7      | Found an ancient bone altar of Kikubaaqudgha.
  5380 | D:7      | Received a gift from Okawaru
  5504 | D:7      | Found a shadowy altar of Dithmenos.
  5636 | D:7      | Reached skill level 5 in Throwing
  5839 | D:8      | Found a blossoming altar of Fedhas.
  5967 | D:8      | Found a sand-covered staircase.
  5972 | Ossuary  | Entered an ossuary
  5979 | Ossuary  | Reached skill level 5 in Dodging
  6084 | D:8      | Noticed a troll
  6092 | D:8      | Killed a troll
  6092 | D:8      | Reached XP level 10. HP: 53/94 MP: 8/11
  6194 | D:8      | Found Ucisonwu's General Store.
  6200 | D:8      | Bought a scroll of identify for 28 gold pieces
  6206 | D:8      | Found Dipust's Antique Armour Boutique.
  7000 | D:8      | Reached skill level 5 in Fighting
  7022 | D:8      | Reached **** piety under Okawaru
  7082 | D:9      | Found an opulent altar of Gozag.
  7310 | D:9      | Found a staircase to the Lair.
  7582 | D:9      | Found a hazy altar of Hepliaklqana.
  7742 | D:9      | Found a snail-covered altar of Cheibriados.
  8284 | D:10     | Entered Level 10 of the Dungeon
  8293 | D:9      | Received a gift from Okawaru
  8402 | D:10     | Noticed Erolcha
  8405 | D:10     | Killed Erolcha
  8425 | D:10     | Reached XP level 11. HP: 54/104 MP: 9/12
  8561 | D:10     | Found a staircase to the Orcish Mines.
  8582 | D:10     | Received a gift from Okawaru
  8650 | D:10     | Found a runed translucent door.
  8659 | D:10     | Noticed KarvaRausku's ghost (novice MiGl)
  8762 | D:10     | Reached skill level 10 in Unarmed Combat
  8828 | D:10     | Noticed a brown ugly thing
  8837 | D:10     | Killed a brown ugly thing
  8837 | D:10     | Reached skill level 5 in Shields
  9152 | D:10     | Noticed a centaur warrior
  9165 | D:10     | Killed a centaur warrior
  9165 | D:10     | Received a gift from Okawaru
  9165 | D:10     | Reached ***** piety under Okawaru
  9285 | D:10     | Killed an unseen horror
  9474 | Lair:1   | Entered Level 1 of the Lair of Beasts
  9474 | Lair:1   | Noticed Fannar
  9498 | Lair:1   | Killed Fannar
  9692 | Lair:1   | Received a gift from Okawaru
 10156 | Lair:2   | Received a gift from Okawaru
 10158 | Lair:2   | Reached skill level 1 in Armour
 10325 | Lair:2   | Reached XP level 12. HP: 108/114 MP: 13/13
 10365 | Lair:2   | Received a gift from Okawaru
 10574 | Lair:2   | Received a gift from Okawaru
 10835 | Lair:2   | Received a gift from Okawaru
 11152 | Lair:2   | Noticed a five-headed hydra
 11177 | Lair:2   | HP: 2/117 [five-headed hydra (11)]
 11179 | Lair:2   | Killed a five-headed hydra
 11502 | Lair:2   | Received a gift from Okawaru
 11847 | Lair:3   | Found a hole to the Spider Nest.
 11933 | Lair:3   | Found a dark tunnel.
 11946 | Volcano  | Entered a volcano
 11997 | Volcano  | Noticed a fire dragon
 12016 | Volcano  | Killed a fire dragon
 12016 | Volcano  | Reached XP level 13. HP: 91/126 MP: 12/14
 12489 | Lair:3   | Received a gift from Okawaru
 12991 | Lair:4   | Found a staircase to the Swamp.
 13116 | Lair:4   | Noticed Nergalle
 13122 | Lair:4   | Killed Nergalle
 13122 | Lair:4   | Received a gift from Okawaru
 13245 | Lair:4   | Reached ****** piety under Okawaru
 13246 | Lair:4   | Received a gift from Okawaru
 13510 | Lair:4   | Received a gift from Okawaru
 13820 | Lair:5   | Found a staircase to the Slime Pits.
 13820 | Lair:5   | Found a viscous altar of Jiyva.
 13902 | Lair:5   | Received a gift from Okawaru
 14356 | Lair:5   | Reached skill level 10 in Throwing
 14662 | Lair:6   | Entered Level 6 of the Lair of Beasts
 14948 | Lair:6   | Reached XP level 14. HP: 131/136 MP: 15/15
 15019 | Lair:6   | Received a gift from Okawaru
 15351 | Lair:6   | Found a radiant altar of Vehumet.
 15496 | Lair:6   | Learned a level 2 spell: Passwall
 16006 | Lair:6   | Received a gift from Okawaru
 16702 | Orc:1    | Entered Level 1 of the Orcish Mines
 16711 | Orc:1    | Noticed Gastronok
 16724 | Orc:1    | Killed Gastronok
 16724 | Orc:1    | Received a gift from Okawaru
 16724 | Orc:1    | Reached skill level 3 in Earth Magic
 16728 | Orc:1    | Got a faintly humming cloak {god gift}
 16739 | Orc:1    | Identified the +1 cloak of Inquiry {rElec rF+ Regen+ Int+3}
                  | (Okawaru gifted it to you on level 1 of the Orcish Mines)
 16779 | Orc:1    | Found a frozen archway.
 16788 | IceCv    | Entered an ice cave
 16962 | IceCv    | Reached skill level 4 in Earth Magic
 17012 | IceCv    | Found an ancient bone altar of Kikubaaqudgha.
 17526 | Orc:1    | Noticed Erica
 17536 | Orc:1    | Killed Erica
 17662 | Orc:1    | Noticed Maurice
 17667 | Orc:1    | Reached skill level 5 in Earth Magic
 17676 | Orc:1    | Killed Maurice
 18089 | Orc:2    | Entered Level 2 of the Orcish Mines
 18395 | Orc:2    | Found a roughly hewn altar of Beogh.
 18454 | Orc:2    | Found a bloodstained altar of Trog.
 18567 | Orc:2    | Paralysed by an orc sorcerer for 4 turns
 18683 | Orc:2    | Found Sacetta's Book Shop.
 18705 | Orc:2    | Reached skill level 6 in Earth Magic
 18733 | Orc:2    | Bought a book of the Earth for 715 gold pieces
 18740 | Orc:2    | Learned a level 6 spell: Statue Form
 18743 | Orc:2    | Found a staircase to the Elven Halls.
 18848 | Orc:2    | Reached XP level 15. HP: 141/143 MP: 19/19
 18870 | Orc:2    | Found Sustragih's Antique Armour Shoppe.
 18870 | Orc:2    | Found Osil's Assorted Antiques.
 18874 | Orc:2    | Found Mioj's Distillery.
 18876 | Orc:2    | Found Takan's Jewellery Emporium.
 18883 | Orc:2    | Bought a potion of degeneration for 12 gold pieces
 18886 | Orc:2    | Bought a coiled glass ring for 120 gold pieces
 18886 | Orc:2    | Bought a lumpy sapphire amulet for 120 gold pieces
 18886 | Orc:2    | Identified the ring of Sink {Fire +Fly rN+ MR- Dex+6} (You
                  | bought it in a shop on level 2 of the Orcish Mines)
 19110 | D:11     | Reached skill level 1 in Transmutations
 19808 | D:12     | Received a gift from Okawaru
 20397 | D:12     | Got a faintly glowing ivory ring
 20398 | D:12     | Identified the ring "Gangue" {rPois Str+4} (You found it on
                  | level 12 of the Dungeon)
 20912 | D:13     | Reached skill level 7 in Earth Magic
 21180 | D:13     | Found a gate to the Vaults.
 21188 | D:13     | Received a gift from Okawaru
 21453 | D:13     | Received a gift from Okawaru
 21816 | D:14     | Reached skill level 8 in Earth Magic
 22208 | D:14     | Reached skill level 5 in Transmutations
 22377 | D:14     | Noticed Jorgrun
 22391 | D:14     | Killed Jorgrun
 22391 | D:14     | Received a gift from Okawaru
 22392 | D:14     | Reached skill level 9 in Earth Magic
 22448 | D:14     | Noticed Nessos
 22455 | D:14     | Killed Nessos
 22852 | D:10     | Killed KarvaRausku's ghost
 22858 | D:10     | Got a sparkling granite ring
 22859 | D:10     | Identified the ring of Activism {*Tele MR- Int+6} (You
                  | found it on level 10 of the Dungeon)
 22994 | D:15     | Entered Level 15 of the Dungeon
 23278 | D:14     | Received a gift from Okawaru
 23486 | D:15     | Found a staircase to the Depths.
 23494 | D:15     | Reached XP level 16. HP: 152/152 MP: 18/21
 23941 | Swamp:1  | Entered Level 1 of the Swamp
 23941 | Swamp:1  | Identified the +4 large shield of Soklyin {rElec rC+ Str-3
                  | Int+9}
 23941 | Swamp:1  | Noticed Louise
 23998 | Swamp:1  | Killed Louise
 23998 | Swamp:1  | Reached skill level 10 in Earth Magic
 24177 | Swamp:1  | Noticed Donald
 24263 | Swamp:1  | Learned a level 1 spell: Animate Skeleton
 24275 | Swamp:1  | Killed Donald
 25277 | Swamp:2  | Noticed Aizul
 25286 | Swamp:2  | Killed Aizul
 25701 | Swamp:3  | Reached skill level 11 in Earth Magic
 25794 | Swamp:3  | Identified Roxanne's Collected Works on Moulding
 25794 | Swamp:3  | Noticed Roxanne
 25953 | Swamp:3  | Found a white marble altar of Elyvilon.
 27154 | Spider:1 | Entered Level 1 of the Spider Nest
 27509 | Spider:1 | Received a gift from Okawaru
 28102 | Spider:2 | Reached skill level 12 in Earth Magic
 28351 | Spider:1 | Received a gift from Okawaru
 28835 | Spider:3 | Received a gift from Okawaru
 28835 | Spider:3 | Reached XP level 17. HP: 133/158 MP: 22/22
 29970 | Spider:3 | Found the ring of Phasing {EV+8}
 30296 | Spider:3 | Noticed Bai Suzhen
 30308 | Spider:3 | Killed Bai Suzhen
 30308 | Spider:3 | Received a gift from Okawaru
 30366 | Spider:3 | Got a fine shield
 30377 | Spider:3 | Identified the +0 shield of Disappointment {*Drain rC+
                  | Int+2} (You acquired it on level 3 of the Spider Nest)
 30703 | Orc:2    | Bought a +6 ring of intelligence for 877 gold pieces
 31060 | Swamp:3  | Found the +6 Majin-Bo {vamp, Archmagi MP+6 Int+6}
 31194 | Swamp:4  | Entered Level 4 of the Swamp
 31278 | Swamp:4  | Received a gift from Okawaru
 31278 | Swamp:4  | Reached skill level 10 in Transmutations
 31281 | Swamp:4  | Identified the +0 robe "Voxie" {*Slow rF++ MR+++ Str-2}
                  | (Okawaru gifted it to you on level 4 of the Swamp)
 31456 | Swamp:4  | Reached skill level 13 in Earth Magic
 31984 | Swamp:4  | Got a decaying rune of Zot
 32584 | Vaults:1 | Entered Level 1 of the Vaults
 32718 | Vaults:1 | Reached skill level 10 in Shields
 32790 | Vaults:1 | Reached XP level 18. HP: 101/167 MP: 23/23
 32941 | Vaults:1 | Found Imoacuf's Gadget Boutique.
 33067 | Vaults:1 | Received a gift from Okawaru
 33376 | Vaults:1 | Received a gift from Okawaru
 33525 | Vaults:1 | Reached skill level 14 in Earth Magic
 34155 | Vaults:2 | Found Kubahuil's Magic Scroll Emporium.
 34163 | Vaults:2 | Bought a scroll of teleportation for 39 gold pieces
 34408 | Vaults:2 | Learned a level 5 spell: Borgnjor's Vile Clutch
 34769 | Vaults:2 | Received a gift from Okawaru
 34897 | Vaults:2 | Received a gift from Okawaru
 34999 | Vaults:2 | Received a gift from Okawaru
 35679 | Vaults:3 | Reached skill level 15 in Earth Magic
 35685 | Vaults:3 | Noticed a tentacled monstrosity
 35696 | Vaults:3 | Killed a tentacled monstrosity
 35713 | Vaults:3 | Reached XP level 19. HP: 174/174 MP: 20/24
 36216 | Vaults:3 | Received a gift from Okawaru
 36685 | Vaults:3 | Found a staircase to the Crypt.
 36840 | Vaults:3 | Received a gift from Okawaru
 36876 | Vaults:3 | Found Kymoasagg's Weapon Boutique.
 37120 | Vaults:4 | Found a flickering gateway to a bazaar.
 37150 | Bazaar   | Entered a bazaar
 37150 | Bazaar   | Found Timaucw's Magic Scroll Emporium.
 37157 | Bazaar   | Found Omarghi's Gadget Boutique.
 37165 | Bazaar   | Found Eluageg's Antique Weapon Boutique.
 37176 | Bazaar   | Found Fenkuhyme's General Store.
 37187 | Bazaar   | Found Ysishob's Antique Armour Shop.
 37217 | Bazaar   | Bought a scroll of teleportation for 27 gold pieces
 37217 | Bazaar   | Bought a scroll of blinking for 67 gold pieces
 37217 | Bazaar   | Bought a scroll of fear for 31 gold pieces
 37217 | Bazaar   | Bought a scroll of teleportation for 27 gold pieces
 37217 | Bazaar   | Bought a scroll of teleportation for 27 gold pieces
 37241 | Bazaar   | Bought a potion of resistance for 100 gold pieces
 37352 | Vaults:4 | Paralysed by a sphinx for 4 turns
 37357 | Vaults:4 | Paralysed by a sphinx for 5 turns
 37359 | Vaults:4 | HP: 11/232 [freezing wraith (7)]
 37360 | Vaults:4 | Killed from afar by a sphinx

Skill      XL: |  1  2  3  4  5  6  7  8  9 10 11 12 13 14 15 16 17 18 19 |
---------------+----------------------------------------------------------+-----
Unarmed Combat | 1 2 3 4 5 6 8 9 11 13 | 13.5
Throwing       | 1 2 3 4 5 6 7 8 10 12 | 12.6
Dodging        | 2 3 4 5 6 7 8 9 |  9.0
Fighting       | 1 2 3 4 5 6 7 8 9 |  9.0
Invocations    | 1 2 3 |  3.0
Shields        | 1 2 3 4 5 7 8 10 12 13 | 13.0
Armour         | 1 3 4 |  4.0
Earth Magic    | 6 9 12 13 15 | 15.0
Spellcasting   | 3 4 |  4.0
Transmutations | 6 9 10 11 | 11.0
Stealth        | |  1.0

Action                   |  1- 3 |  4- 6 |  7- 9 | 10-12 | 13-15 | 16-18 | 19-21 || total
-------------------------+-------+-------+-------+-------+-------+-------+-------++-------
Melee: Unarmed           |   104 |   201 |   264 |   859 |  1609 |  1625 |   291 ||  4953
       Punch             |       |     3 |    14 |     7 |       |    47 |       ||    71
Throw: Large rock        |       |       |       |    16 |   148 |   157 |     1 ||   322
       Javelin           |       |       |       |    34 |    86 |       |       ||   120
 Cast: Sandblast         |       |     4 |       |       |       |       |       ||     4
       Animate Skeleton  |       |       |       |       |       |    78 |    28 ||   106
       Statue Form       |       |       |       |       |       |    41 |    12 ||    53
Invok: Heroism           |       |       |     8 |    37 |    55 |    67 |     5 ||   172
       Finesse           |       |       |       |       |     5 |     2 |       ||     7
Evoke: Wand              |       |       |       |     1 |     8 |     2 |       ||    11
  Use: Scroll            |     2 |     7 |    12 |    10 |    13 |    10 |     1 ||    55
       Potion            |       |       |       |     1 |     3 |    10 |       ||    14
 Stab: Sleeping          |       |     2 |     2 |     2 |     1 |       |       ||     7
       Distracted        |       |       |       |       |     1 |     5 |     1 ||     7
       Confused          |       |       |       |       |     1 |       |       ||     1
  Eat: Chunk             |    12 |    20 |    30 |    54 |   105 |   125 |    21 ||   367
       Ration            |       |       |       |       |       |     6 |       ||     6
Armor: Robe              |    26 |    54 |    62 |     4 |    69 |       |       ||   215
       Troll leather arm |       |       |       |   223 |   351 |   348 |     7 ||   929
       Skin              |       |       |       |     7 |       |   459 |   115 ||   581
Dodge: Dodged            |    63 |    94 |   119 |   392 |   567 |  1064 |   191 ||  2490
Block: Shield            |       |       |       |   362 |  1021 |    65 |       ||  1448
       Reflection        |       |       |       |     7 |    84 |    98 |    30 ||   219
       Large shield      |       |       |       |       |       |  1480 |   473 ||  1953
       Other             |       |       |       |       |       |    62 |       ||    62
